 Dungeon Crawl Stone Soup version 0.19-a0-1815-g4007336 (webtiles) character file.

210 4thArraOfDagon the Ruffian (level 5, 0/46 HPs)
             Began as a Troll Wanderer on Oct 5, 2016.
             Was a Follower of Qazlal.
             Slain by a centaur zombie (4 damage)
             ... in an ossuary.
             The game lasted 00:02:43 (472 turns).

4thArraOfDagon the Ruffian (Troll Wanderer)          Turns: 472, Time: 00:02:44

Health: 0/46       AC:  5    Str: 21    XL:     5   Next: 56%
Magic:  4/4        EV:  9    Int:  9    God:    Qazlal [*.....]
Gold:   12         SH:  1    Dex:  8    Spells: 0 memorised, 4 levels left

rFire  . . .     SeeInvis .       - Unarmed
rCold  . . .     Gourm    +     c - +0 robe
rNeg   . . .     Faith    .     (no shield)
rPois  .         Spirit   .     (helmet restricted)
rElec  .         Dismiss  .     (no cloak)
rCorr  .         Reflect  .     (gloves unavailable)
MR     .....     Harm     .     (boots unavailable)
Stlth  +.........               (no amulet)
                                (no ring)
                                (no ring)

@: no status effects
A: unfitting armour, claws 3, fast metabolism 3, gourmand, regeneration 1,
shaggy fur 1, tough skin 2
a: Renounce Religion


You were in an ossuary.
You worshipped Qazlal.
Qazlal was aware of your devotion.
You were not hungry.

You visited 1 branch of the dungeon, and saw 5 of its levels.
You also visited: Ossuary.

You collected 12 gold pieces.

Inventory:

Armour
 c - a +0 robe (worn)
 e - a +0 shield
Comestibles
 f - 2 bread rations


   Skills:
 + Level 0.4 Fighting
   Level 2.0 Crossbows
 - Level 1.0 Throwing
 - Level 1.5 Dodging
 - Level 1.0 Stealth
 * Level 1.0 Shields
 * Level 4.9 Unarmed Combat
   Level 1.0 Necromancy
   Level 1.3 Transmutations
 + Level 0.6 Invocations


You had 4 spell levels left.
You didn't know any spells.

Dungeon Overview and Level Annotations

Branches:
Dungeon (5/15)
 Temple: D:4-7

Altars:
Qazlal


Innate Abilities, Weirdness & Mutations

You are too large for most types of armour.
You have claws for hands.
Your metabolism is lightning-fast.
You like to eat raw meat.
Your natural rate of healing is unusually fast.
You are covered in fur. (AC +1)
You have very tough skin. (AC +2)


Message History

* * * LOW HITPOINT WARNING * * *
You are too injured to fight recklessly!
You are too injured to fight recklessly!
You scratch the centaur zombie.
You claw the centaur zombie, but do no damage.
The centaur zombie is almost destroyed.
The centaur zombie hits you.
* * * LOW HITPOINT WARNING * * *
Unknown command.
Unknown command.
Unknown command.
You feel better. The centaur zombie hits you.
* * * LOW HITPOINT WARNING * * *
Unknown command.
You completely miss the centaur zombie.
The centaur zombie is almost destroyed.
The centaur zombie hits you.
* * * LOW HITPOINT WARNING * * *
The centaur zombie hits you.
You die...

######################
#....................#
#....................#
#........8..8........#
#....................#
#...######..######...#
#...#....#..# #...#
#...#@# #..# #...#
#...#Z####..####.#...#
#...#ZZ..Z.......#...#
#...#Z####ZZ.....#...#
#...#.# #.......#...#
#...#.. #Z......#...#
#...### #.∩.....#...#
#...# Z...'####...#
#...# #...#. #...#


You could see a goblin zombie, a big kobold zombie, a centaur zombie and a human
zombie.

Vanquished Creatures
  A scorpion (D:4)
  A hound (D:4)
  An orc wizard (D:4)
  A human zombie (Ossuary)
  A big kobold zombie (Ossuary)
  A mummy (Ossuary)
  An adder zombie (Ossuary)
  2 leopard geckos
  2 orcs (D:4)
  A goblin (D:1)
  4 frilled lizards
  A goblin zombie (Ossuary)
  12 hobgoblin zombies (Ossuary)
  A kobold (D:3)
  5 kobold zombies (Ossuary)
  7 orc zombies (Ossuary)
  A rat (D:1)
43 creatures vanquished.

Notes
Turn   | Place    | Note
-------+----------+-------------------------------------------
     0 | D:1      | 4thArraOfDagon the Troll Wanderer began the quest for the Orb.
     0 | D:1      | 4thArraOfDagon set off with: a +2 hand crossbow, 21 bolts, a +0 robe, a potion of curing, 2 bread rations
     0 | D:1      | Reached XP level 1. HP: 16/16 MP: 0/0
    40 | D:1      | Reached skill level 1 in Unarmed Combat
   105 | D:5      | Entered Level 5 of the Dungeon
   105 | D:5      | Noticed an orc wizard
   107 | D:5      | Noticed an orc wizard
   136 | D:4      | Noticed a scorpion
   136 | D:4      | Noticed a hound
   147 | D:4      | Killed a scorpion
   147 | D:4      | Reached skill level 3 in Unarmed Combat
   147 | D:4      | Reached XP level 2. HP: 24/24 MP: 1/1
   147 | D:4      | Reached XP level 3. HP: 31/31 MP: 2/2
   157 | D:4      | Reached skill level 4 in Unarmed Combat
   157 | D:4      | Reached XP level 4. HP: 39/39 MP: 3/3
   241 | D:4      | Found a stormy altar of Qazlal.
   249 | D:4      | Became a worshipper of Qazlal Stormbringer
   273 | D:4      | Found a sand-covered staircase.
   278 | Ossuary  | Entered an ossuary
   343 | Ossuary  | Reached XP level 5. HP: 44/45 MP: 4/4
   357 | Ossuary  | Reached * piety under Qazlal
   466 | Ossuary  | Reached skill level 1 in Shields
   472 | Ossuary  | Slain by a centaur zombie

Vault maps used:
D:1:      dpeg_chamrin_arrival_tetris
D:2:      minmay_lizard_king
D:3:      first_bread, minmay_box_of_dots
D:4:      enter_ossuary_5, nicolae_qazlal_eye_of_the_storm
D:5:      grunt_temple_overflow_forces_of_nature, kennysheep_slug_shrine
Ossuary:  ossuary_tomb_1

Skill      XL: |  1  2  3  4  5 |
---------------+----------------+-----
Unarmed Combat | 3 4 |  4.9
Shields        | 1 |  1.0
Fighting       | |  0.4
Crossbows      | |  2.0
Throwing       | |  1.0
Dodging        | |  1.5
Stealth        | |  1.0
Necromancy     | |  1.0
Transmutations | |  1.3
Invocations    | |  0.6

Action                   |  1- 3 |  4- 6 || total
-------------------------+-------+-------++-------
Melee: Unarmed           |     2 |    95 ||    97
       Punch             |       |     4 ||     4
 Fire: Hand crossbow     |    18 |     5 ||    23
  Use: Scroll            |     2 |     1 ||     3
       Potion            |       |     1 ||     1
  Eat: Bread ration      |       |     1 ||     1
Armor: Robe              |       |    19 ||    19
Dodge: Dodged            |     1 |    27 ||    28
